Map: Disco Bloodbath LE

Players

Dan - Winner!

  • Race: Terran Terran
  • League: Master
  • Spawn Location: 3:00

Mez

  • Race: Terran Terran
  • League: Master
  • Spawn Location: 9:00

VOD

Have the link to the VOD?

Description

Time

  • Played on: Aug. 24, 2019, 10:05 p.m.
  • Length: 14:17
Show
View Real Time Build Order
Export as new Build Order

Dan Terran - Winner!

Build Orders: Gas First Reaper Expand, Hellion Opening 

Get SALT Encoding   

  12  0:00  SCV  
  13  0:12  SCV  
  14  0:17  Supply Depot  
  14  0:24  SCV  
  14  0:27  Refinery  
  15  0:39  SCV  
  16  0:44  Barracks  
  16  0:51  SCV  
  17  1:03  SCV  
  18  1:15  SCV  
  19  1:32  Orbital Command  
  19  1:33  Reaper  
  20  1:44  Command Center  
  20  1:57  Factory  
  20  1:59  SCV  
  21  2:10  Supply Depot  
  21  2:11  SCV  
  21  2:12  Barracks Reactor  
  22  2:19  Refinery  
  22  2:23  SCV  
  23  2:35  SCV  
  24  2:47  SCV  
  25  2:52  Hellion x2  
  25  2:55  Starport  
  25  2:57  Orbital Command  
  29  2:59  SCV  
  29  3:01  Barracks Tech Lab  
  30  3:07  Refinery  
  30  3:11  SCV  
  31  3:14  Hellion  
  31  3:19  Hellion  
  35  3:23  SCV  
  35  3:24  SCV  
  37  3:32  Supply Depot  
  37  3:35  SCV  
  37  3:36  SCV  
  37  3:39  Raven  
  41  3:47  SCV  
  42  3:48  SCV  
  42  3:49  Hellion  
  42  3:52  Barracks Tech Lab  
  42  3:54  Hellion  
  47  3:56  Supply Depot  
  47  4:00  SCV  
  47  4:01  SCV  
  49  4:12  SCV, Supply Depot  
  49  4:13  SCV  
  51  4:22  Raven  
  51  4:24  Marine, SCV  
  54  4:25  Marine, SCV  
  54  4:26  Cyclone  
  60  4:34  Supply Depot  
  60  4:36  SCV  
  60  4:37  SCV  
  62  4:42  Marine x2  
  64  4:48  SCV  
  64  4:49  SCV  
  66  4:58  Cyclone  
  68  5:00  SCV  
  68  5:04  Command Center, SCV  
  68  5:05  Marine x2  
  68  5:06  Raven  
  74  5:12  SCV, Supply Depot  
  74  5:13  Supply Depot  
  75  5:16  SCV  
  76  5:23  Marine x2  
  78  5:29  SCV  
  78  5:34  SCV  
  76  5:41  Siege Tank, SCV  
  80  5:45  Barracks x2, Engineering Bay  
  80  5:46  SCV, Engineering Bay  
  81  5:53  SCV, Refinery  
  82  5:58  SCV  
  73  6:05  SCV  
  73  6:08  Marine  
  73  6:10  SCV  
  74  6:14  Terran Infantry Armor Level 1, Terran Infantry Weapons Level 1  
  74  6:18  SCV  
  75  6:25  SCV  
  76  6:26  Marine  
  76  6:27  Siege Tank, Viking x2  
  76  6:28  Stimpack  
  83  6:39  Barracks Reactor x2  
  83  6:41  SCV  
  83  6:44  Marine, Refinery  
  83  6:45  Refinery  
  85  6:53  Supply Depot  
  85  6:55  Supply Depot  
  85  6:57  Viking x2  
  89  7:01  Marine  
  89  7:02  Siege Tank  
  89  7:05  Command Center  
  89  7:07  Orbital Command  
  93  7:14  SCV  
  94  7:16  Marine  
  94  7:18  Armory  
  95  7:25  SCV  
  95  7:27  Viking  
  91  7:32  Marine  
  91  7:33  Marine, SCV  
  91  7:35  SCV  
  93  7:41  SCV  
  92  7:45  Marine, SCV  
  92  7:46  Marine x2  
  92  7:47  SCV  
  92  7:50  Marine  
  92  7:51  Barracks  
  97  7:52  Barracks  
  97  7:53  SCV  
  97  7:54  Factory  
  97  7:55  Sensor Tower  
  97  7:56  Marine  
  97  7:57  SCV, Medivac x2  
  102  8:00  SCV  
  102  8:04  Siege Tank  
  102  8:05  SCV  
  107  8:11  SCV  
  108  8:13  SCV  
  108  8:14  Marine x5  
  108  8:16  Terran Infantry Armor Level 2  
  108  8:18  Terran Infantry Weapons Level 2  
  114  8:23  Planetary Fortress  
  114  8:26  SCV  
  115  8:28  Combat Shield  
  115  8:32  Marine x2  
  115  8:33  Marine  
  118  8:35  Marine x2  
  118  8:38  Siege Tank  
  118  8:39  Barracks Reactor  
  118  8:40  Factory Tech Lab  
  123  8:42  Marine  
  123  8:47  SCV x2  
  126  8:50  Marine x2  
  126  8:51  Marine  
  126  8:53  Marine  
  131  8:56  Supply Depot x3  
  132  9:03  Missile Turret, Terran Vehicle Weapons Level 1  
  132  9:04  Barracks Reactor, Missile Turret x3  
  132  9:05  Siege Tank  
  132  9:06  SCV  
  132  9:07  SCV x2  
  132  9:08  Marine  
  132  9:09  Marine  
  138  9:10  Marine  
  139  9:18  Marine x4, Siege Tank  
  139  9:22  Supply Depot  
  139  9:23  Medivac  
  148  9:25  Medivac  
  148  9:26  Marine x2  
  148  9:28  Marine  
  153  9:36  Marine  
  153  9:37  Siege Tank  
  157  9:38  Barracks  
  157  9:39  Barracks x2  
  157  9:41  Marine  
  157  9:42  Marine x3, Sensor Tower  
  157  9:43  Marine  
  157  9:45  Marine x2  
  163  9:53  Marine  
  163  9:55  Marine  
  163  9:58  SCV  
  166  10:02  Marine  
  166  10:05  Marine x3  
  166  10:06  Marine  
  171  10:08  Command Center  
  171  10:11  Supply Depot  
  171  10:12  Supply Depot x2  
  171  10:13  Marine x2  
  171  10:14  Marine x2  
  174  10:15  Siege Tank  
  178  10:26  Refinery x2  
  178  10:27  Marine  
  178  10:28  Marine  
  180  10:29  Barracks Reactor  
  180  10:30  Barracks Reactor  
  180  10:31  Barracks Reactor  
  180  10:32  Marine, Siege Tank  
  184  10:38  Starport  
  184  10:39  Marine, Starport  
  184  10:40  Marine x2, Fusion Core  
  184  10:41  Marine  
  188  10:45  Marine x2  
  188  10:47  Siege Tank  
  192  10:59  Marine  
  192  11:01  Marine x6  
  192  11:03  Marine  
  178  11:15  Marine x2  
  178  11:16  Marine x3  
  178  11:17  Marine x2  
  183  11:18  Marine  
  183  11:19  Marine x3  
  183  11:20  Marine  
  183  11:21  Marine  
  183  11:24  Marine  
  173  11:33  Marine x2  
  173  11:34  Marine x2  
  173  11:36  Marine  
  173  11:38  Marine  
  153  11:41  Marine  
  139  11:51  Marine x2  
  139  11:52  Marine x2  
  129  12:13  Command Center  
  123  12:24  Supply Depot  
  123  12:26  Supply Depot x2  
  123  12:29  Supply Depot  
  123  12:30  Supply Depot  
  114  13:50  Orbital Command  
  114  13:59  Refinery x2  
  114  14:13  Supply Depot  
  114  14:14  Supply Depot  
Show
View Real Time Build Order
Export as new Build Order

Mez Terran 

Build Orders: Cyclone Opening, Gas First Reaper Expand 

Get SALT Encoding   

  12  0:00  SCV  
  13  0:13  SCV  
  14  0:17  Supply Depot  
  14  0:25  SCV  
  14  0:27  Refinery  
  15  0:38  SCV  
  16  0:44  Barracks  
  16  0:50  SCV  
  17  1:02  SCV  
  18  1:15  SCV  
  19  1:32  Orbital Command, Reaper  
  20  1:43  Command Center  
  20  1:52  Factory  
  20  1:59  SCV  
  21  2:06  Barracks Reactor  
  21  2:08  Supply Depot  
  21  2:13  SCV  
  22  2:18  Refinery  
  22  2:25  SCV  
  23  2:38  SCV  
  23  2:40  Factory Tech Lab  
  23  2:42  Marine x2  
  26  2:50  SCV  
  27  2:54  Orbital Command  
  27  2:59  Cyclone  
  27  3:00  Marine x2  
  27  3:05  SCV  
  33  3:08  Starport  
  33  3:12  Refinery  
  33  3:17  Marine, SCV  
  33  3:18  Marine  
  36  3:24  SCV  
  37  3:27  Supply Depot  
  37  3:33  Cyclone  
  40  3:41  Marine  
  40  3:42  Marine  
  40  3:46  Starport Tech Lab  
  42  3:49  SCV x2  
  44  3:59  Marine x2  
  44  4:00  Supply Depot  
  46  4:04  Raven  
  46  4:08  SCV x2  
  50  4:17  Marine, Siege Tank  
  50  4:21  Marine  
  50  4:22  SCV  
  50  4:23  Supply Depot  
  56  4:27  Supply Depot  
  56  4:35  SCV x2  
  56  4:36  Marine  
  59  4:39  Marine  
  60  4:48  Raven  
  60  4:49  SCV x2  
  60  4:51  Supply Depot  
  64  4:54  Siege Tank  
  67  5:01  SCV  
  67  5:03  Command Center  
  67  5:07  Marine x2  
  68  5:08  SCV  
  68  5:14  SCV, Supply Depot  
  72  5:25  Barracks  
  72  5:27  Barracks, Refinery  
  71  5:39  Siege Tank  
  68  5:55  SCV  
  68  5:56  SCV  
  65  6:08  Marine  
  65  6:10  Viking x2  
  70  6:11  Stimpack  
  70  6:15  Engineering Bay x2  
  70  6:16  Barracks Reactor x2  
  70  6:18  Barracks  
  70  6:19  Orbital Command  
  70  6:20  Barracks  
  66  6:25  Marine  
  66  6:29  Siege Tank  
  66  6:32  SCV  
  71  6:42  SCV  
  71  6:43  Marine  
  71  6:44  SCV  
  74  6:50  SCV  
  75  6:54  SCV  
  75  6:56  SCV, Supply Depot  
  75  6:57  Terran Infantry Weapons Level 1  
  75  7:00  Supply Depot  
  77  7:01  Marine  
  77  7:02  SCV, Terran Infantry Armor Level 1  
  77  7:04  Marine  
  77  7:06  Marine, SCV  
  77  7:07  Barracks Reactor  
  85  7:09  Barracks Reactor  
  85  7:12  Siege Tank  
  65  7:39  Marine x2  
  65  7:40  Marine x3  
  65  7:43  Medivac  
  65  7:44  SCV x2, Medivac  
  69  7:45  SCV  
  69  7:46  Marine x3  
  69  7:47  Marine  
  69  7:51  Combat Shield, Refinery  
  74  7:52  Armory  
  74  7:53  Supply Depot  
  74  7:56  SCV, Supply Depot  
  74  7:57  Marine x3  
  75  7:59  SCV x2  
  75  8:05  Marine x6  
  77  8:08  Siege Tank, SCV  
  87  8:13  Factory  
  87  8:14  SCV x2  
  87  8:15  Marine x2  
  91  8:27  Missile Turret x2  
  91  8:30  SCV x2, Missile Turret  
  91  8:31  SCV, Refinery  
  91  8:32  Marine x5  
  99  8:41  Siege Tank  
  99  8:44  Marine x3  
  105  9:02  Marine  
  105  9:03  Marine x6  
  105  9:07  Factory Tech Lab  
  105  9:08  Medivac x2  
  116  9:10  Terran Infantry Armor Level 2, Terran Infantry Weapons Level 2  
  116  9:11  Command Center  
  116  9:21  Marine  
  116  9:22  Marine x6  
  125  9:26  Siege Tank  
  125  9:27  Siege Tank  
  129  9:32  SCV x2  
  129  9:33  SCV  
  132  9:42  Marine  
  132  9:43  Marine x7  
  132  9:44  SCV  
  141  9:57  SCV  
  140  10:10  Missile Turret  
  140  10:11  Terran Vehicle Weapons Level 1  
  140  10:12  Missile Turret x2  
  140  10:22  Siege Tank x2, Medivac x2  
  140  10:26  Marine x6  
  156  10:32  Refinery  
  156  10:33  Barracks  
  156  10:35  Barracks, Refinery  
  156  10:36  Barracks  
  156  10:41  Marine  
  156  10:50  Supply Depot  
  156  10:52  Marine x4  
  156  10:54  Siege Tank x2, Supply Depot x2  
  165  11:08  Marine  
  165  11:09  Marine x4  
  165  11:10  Marine x2  
  165  11:11  Marine x2  
  172  11:13  Medivac x2  
  157  11:26  Marine x5  
  157  11:28  Marine x2  
  157  11:29  Marine  
  95  12:27  Supply Depot  
  95  12:28  Supply Depot  
  95  12:29  Supply Depot  
  95  12:30  Supply Depot x2  
  95  12:31  Supply Depot x2  
  94  12:50  Command Center  
Tags
 
Add a new tag
Caveats
  • Supply blocks, unpowered buildings, or Contaminate may cause inaccurate times.
  • Supply counts are checked every 10 seconds.